 Dungeon Crawl Stone Soup version 0.31-a0-339-gda1cbd555d (webtiles) character file.

Game seed: 17234261237080541468

636 BritishOli the Trooper (level 7, -1/56 HPs)
             Began as a Demonspawn Fighter on July 20, 2023.
             Was a Follower of Makhleb.
             Splashed by a jelly's acid (9 damage)
             ... on level 5 of the Dungeon.
             The game lasted 00:02:36 (3654 turns).

BritishOli the Trooper (Demonspawn Fighter)         Turns: 3654, Time: 00:02:36

Health: -1/56      AC:  5    Str: 18    XL:     7   Next: 25%
Magic:  7/7        EV:  9    Int: 10    God:    Makhleb [*.....]
Gold:   241        SH:  4    Dex: 12    Spells: 6/6 levels left

rFire   . . .        a - +0 war axe
rCold   . . .        c - +0 buckler
rNeg    . . .        b - +0 scale mail
rPois   .            (no helmet)
rElec   .            (no cloak)
rCorr   .            (no gloves)
SInv    .            (no boots)
Will    .....        (no amulet) Stlth
                     m - +4 ring of protection
HPRegen 0.29/turn    (no ring)
MPRegen 0.20/turn

%: no passive effects
@: corroded
A: claws 1, molten scales 1, magic regeneration
a: Renounce Religion


You were on level 5 of the Dungeon.
You worshipped Makhleb.
Makhleb was aware of your devotion.
You visited 1 branch of the dungeon, and saw 5 of its levels.

You collected 241 gold pieces.

Inventory:

Hand Weapons
 a - a +0 war axe (weapon)
Armour
 b - a +0 scale mail (worn)
 c - a +0 buckler (worn)
Jewellery
 l - a ring of magical power
 m - a +4 ring of protection (left claw)
 p - an amulet of magic regeneration
Wands
 o - a wand of light (12)
Scrolls
 e - 2 scrolls of fog {unknown}
 k - 2 scrolls of enchant armour {unknown}
 q - a scroll of revelation {unknown}
Potions
 d - a potion of might
 f - 2 potions of curing {unknown}
 g - a potion of haste {unknown}
 h - 2 potions of heal wounds {unknown}
 i - a potion of attraction {unknown}
 j - 2 potions of mutation {unknown}
 n - a potion of degeneration {unknown}
 r - a potion of cancellation {unknown}


   Skills:
 + Level 5.4 Fighting
 + Level 4.3 Axes
 + Level 4.8 Armour
 - Level 3.0 Shields


You had 6 spell levels left.
You didn't know any spells.
Your spell library was empty.

Dungeon Overview and Level Annotations

Branches:
Dungeon (5/15)             Temple (0/1) D:4

Altars:
Makhleb

Annotations:
D:4 3 runed translucent doors, Turtleman12345's ghost, amateur DrSh
D:5 Eustachio


Innate Abilities, Weirdness & Mutations

You have sharp fingernails.
You are partially covered in molten scales. (AC +2)
You regenerate magic rapidly.


Message History

The jelly closely misses you.
Eustachio mumbles some strange words.
The bat hits you but does no damage. The white imp gestures at you.
The puff of frost misses you. The bat hits you but does no damage.
The bat closely misses you.
The bat hits you but does no damage. x2; The jelly closely misses you.
Eustachio hits you but does no damage. The white imp gestures at you.
The puff of frost hits you but does no damage.
The bat hits you but does no damage.
The bat barely misses you. x2; The bat closely misses you.
The bat barely misses you. You block the bat's attack.
Eustachio barely misses you. The jelly hits you but does no damage.
The bat hits you but does no damage. You block the bat's attack.
The bat hits you but does no damage. Eustachio closely misses you.
The jelly hits you but does no damage. The bat closely misses you.
The bat hits you but does no damage. You block the bat's attack.
The bat barely misses you. The bat closely misses you.
The bat barely misses you. The bat hits you but does no damage.
The bat barely misses you. Eustachio barely misses you. The jelly hits you.
The acid corrodes you!
You are splashed with acid!
* * * LOW HITPOINT WARNING * * *
You block the iron imp's attack. The jelly misses you.
You block Eustachio's attack. You block the bat's attack.
The white imp picks up a beetle and eats it.
The white imp barely misses you.
The iron imp hits you but does no damage.
The bat barely misses you. The bat misses you. The bat barely misses you.
The bat hits you but does no damage. The jelly hits you but does no damage.
Eustachio gestures wildly while chanting.
Eustachio blinks!
The bat misses you. The white imp barely misses you.
The bat hits you but does no damage.
The bat barely misses you. x2; The bat hits you.
* * * LOW HITPOINT WARNING * * *
The bat hits you but does no damage. The jelly hits you.
* * * LOW HITPOINT WARNING * * *
The acid corrodes you!
You are splashed with acid!
You die...

#....†...#
#..#####.# #..#
#.#
#.@#####.######
#..##.........#
##...#.##.####.#
#..b......##
#.###5b5......#
#...bb@...###.#
#####.J#### #.#
#..# #.# #..#
#.# #... ..#
$... ### .....
......


You could see Eustachio, a jelly, an iron imp (summoned), a white imp (summoned)
and 4 bats.

Vanquished Creatures
  An ogre (D:5)
  A phantom (D:5)
  2 scorpions (D:4)
  A howler monkey (D:4)
  4 hounds
  A sleepcap (D:5)
  Natasha (twice) (D:2)
  A gnoll (D:1)
  4 adders
  A worm (D:3)
  3 dart slugs
  8 orcs
  5 endoplasms
  3 giant cockroaches (D:1)
  9 goblins
  8 hobgoblins
  6 jackals
  A kobold (D:2)
  A quokka (D:1)
  4 ball pythons
  3 frilled lizards
  7 rats
76 creatures vanquished.

Notes
Turn   | Place    | Note
-------+----------+-------------------------------------------
     0 | D:1      | BritishOli the Demonspawn Fighter began the quest for the
                  | Orb.
     0 | D:1      | Reached XP level 1. HP: 18/18 MP: 1/1
   147 | D:1      | Gained mutation: You have sharp fingernails. [demonic
                  | ancestry]
   147 | D:1      | Reached XP level 2. HP: 19/24 MP: 2/2
   331 | D:1      | Gained mutation: You are partially covered in molten
                  | scales. (AC +2) [demonic ancestry]
   331 | D:1      | Reached XP level 3. HP: 26/29 MP: 3/3
  1091 | D:2      | Noticed Natasha
  1106 | D:2      | Killed Natasha
  1340 | D:2      | Reached XP level 4. HP: 36/36 MP: 4/4
  1592 | D:2      | Noticed Natasha
  1601 | D:2      | Killed Natasha
  2240 | D:3      | Reached skill level 4 in Fighting
  2329 | D:4      | Found a runed translucent gate.
  2330 | D:4      | Found a runed translucent gate.
  2331 | D:4      | Found a runed translucent gate.
  2331 | D:4      | Noticed Turtleman12345's ghost (amateur DrSh)
  2334 | D:4      | Identified the +4 ring mail of Ipoum Osh {Int+3 SInv}
  2433 | D:4      | Noticed a scorpion
  2438 | D:4      | Killed a scorpion
  2439 | D:4      | Reached XP level 5. HP: 42/42 MP: 5/5
  2573 | D:4      | Found a burning altar of Makhleb.
  2691 | D:4      | Became a worshipper of Makhleb the Destroyer
  2738 | D:4      | Found a staircase to the Ecumenical Temple.
  2756 | D:4      | Reached XP level 6. HP: 31/49 MP: 6/6
  3234 | D:5      | Entered Level 5 of the Dungeon
  3447 | D:5      | Reached skill level 5 in Fighting
  3483 | D:5      | Gained mutation: You regenerate magic rapidly. [demonic
                  | ancestry]
  3483 | D:5      | Reached XP level 7. HP: 55/56 MP: 7/7
  3486 | D:5      | Reached * piety under Makhleb
  3595 | D:5      | Noticed Eustachio
  3654 | D:5      | Splashed by a jelly's acid

Illustrated notes

Levels and vault maps discovered:
D:1:      sevenhm_arrival_forest_fort_large_4, layout_basic
D:2:      layout_loops_cross, uniq_natasha
D:3:      layout_basic
D:4:      layout_cave_pods, makhleb_heckhound_becter,
          minmay_temple_entry_butterflies, biasface_ghost_orc_armoury,
          grunt_decor_junction
D:5:      layout_loops_corners, uniq_eustachio

Skill      XL: |  1  2  3  4  5  6 |
---------------+-------------------+-----
Axes           | 2 3 4 |  4.3
Armour         | 3 4 |  4.8
Shields        | 3 |  3.0
Fighting       | 4 5 |  5.4

Action                     |  1- 3 |  4- 6 |  7- 9 || total
---------------------------+-------+-------+-------++-------
  Melee: War axe           |    90 |   130 |    37 ||   257
 Armour: Scale mail        |    32 |    69 |   151 ||   252
  Dodge: Dodged            |    42 |    74 |   130 ||   246
  Block: Buckler           |    21 |    25 |    57 ||   103

Table legend: (Time is in decaauts)
 A = Elapsed time spent in this place.
 B = Non-inter-level travel time spent in this place.
 C = Inter-level travel time spent in this place.
 D = Time resting spent in this place.
 E = Time spent auto-exploring this place.
 F = Levels seen in this place.
 G = Mean time per level.
                   A        B        C        D        E       F      G
               +--------+--------+--------+--------+--------+-----+--------+
         Total |   3751 |   3662 |     89 |     85 |   2926 |   5 |  750.2 |
       Dungeon |   3751 |   3662 |     89 |     85 |   2926 |   5 |  750.2 |
               +--------+--------+--------+--------+--------+-----+--------+

Top non-repeatable levels by time:
     D:1: 988 daAuts
     D:4: 940 daAuts
     D:2: 710 daAuts
     D:3: 674 daAuts
     D:5: 438 daAuts
